Bruins vs Senateurs
(R1)
Created - April 9, 2019 at 19:02
Goals
|
| Bruins |
0 |
3 |
1 |
1 |
5 |
| Senateurs |
1 |
0 |
3 |
0 |
4 |
|
Shots
|
| Bruins |
6 |
13 |
7 |
2 |
28 |
| Senateurs |
11 |
13 |
10 |
0 |
34 |
|
1st period
1. Senateurs , Thomas Vanek 26 (Evgeni Malkin 49, Karl Alzner 17) at 13:27
Penalties :
Marian Hossa (Ott) for Holding (Minor) at 0:14, Victor Oreskovich (Bos) for Hooking (Minor) at 6:22
2nd period
2. Bruins , Nathan Horton 24 (Henrik Sedin 57, Alexander Frolov 36) at 2:05
3. Bruins , Jonathan Toews 27 (Wojtek Wolski 54) at 8:49 (PP)
4. Bruins , Nathan Horton 25 (Henrik Sedin 58, Alexander Frolov 37) at 12:25
Penalties :
Colby Armstrong (Ott) for Hooking (Minor) at 5:44, Colby Armstrong (Ott) for Hooking (Minor) at 8:48, Brendan Smith (Bos) for Hooking (Minor) at 16:35, Vladimir Mihalik (Ott) for Hooking (Minor) at 19:44
3rd period
5. Senateurs , Daniel Briere 20 (Evgeni Malkin 50) at 0:37
6. Senateurs , Martin Erat 2 (Brandon Dubinsky 12, Brooks Orpik 9) at 9:46
7. Senateurs , Sergei Kostitsyn 13 (Daniel Briere 43, Colby Armstrong 22) at 13:29
8. Bruins , Wojtek Wolski 37 (Nathan Horton 25, Brendan Smith 20) at 15:59 (SH)
Penalties :
Henrik Sedin (Bos) for Cross-checking (Minor) at 0:35, Evgeni Malkin (Ott) for Hooking (Minor) at 4:23, Brendan Smith (Bos) for Hooking (Minor) at 7:07, Jonathan Toews (Bos) for Hooking (Minor) at 9:53, Chris Thorburn (Bos) for Roughing (Minor) at 15:45
Overtime #1
9. Bruins , Wojtek Wolski 38 (Jonathan Toews 47, Shane O'Brien 22) at 0:53
Penalties :
No Penalty
Goalie Stats
Kevin Poulin (Bos), 30 saves from 34 shots - (0.882), W, 26-29-5, 60:53 minutes
Ondrej Pavelec (Ott), 23 saves from 28 shots - (0.821), OTL, 26-24-4, 60:53 minutes
Players Stats for Bruins
Player Name G A P +/- PIM S H SB GA TA FO MP PP MP PK MP
------------------------------------------------------------------------------------
Alexander Frolov 0 2 2 2 0 2 1 1 0 0 1/2 15:51 2:58 3:49
Brendan Smith 0 1 1 0 4 2 0 1 0 1 0/0 22:49 4:27 4:03
Casey Cizikas 0 0 0 0 0 0 1 1 0 0 0/1 7:28 0:00 0:33
Chris Thorburn 0 0 0 0 2 0 0 0 0 0 0/0 6:30 0:01 0:00
Dave Bolland 0 0 0 -2 0 3 0 0 0 1 0/4 11:59 0:01 0:00
Henrik Sedin 0 2 2 2 2 0 1 1 0 0 4/7 12:07 2:57 0:00
Jason Demers 0 0 0 0 0 1 1 0 1 1 0/0 28:15 2:28 7:05
Jonathan Toews 1 1 2 -1 2 5 0 2 0 1 11/28 20:54 3:50 1:55
Kevin Bieksa 0 0 0 1 0 0 2 0 1 0 0/0 16:21 4:31 0:39
Kris Chucko 0 0 0 0 0 1 0 0 0 0 0/0 6:01 0:01 0:12
Nathan Horton 2 1 3 3 0 2 3 0 0 0 3/12 20:12 3:50 6:27
Rene Bourque 0 0 0 -2 0 3 1 0 0 0 1/3 14:28 0:00 2:23
Ron Hainsey 0 0 0 1 0 0 0 0 0 0 0/0 11:51 0:00 0:09
Shane O'Brien 0 1 1 -1 0 0 2 3 0 1 0/0 18:44 0:00 3:37
T.J Galiardi 0 0 0 -2 0 3 1 0 0 0 1/1 11:56 0:00 0:00
Torey Krug 0 0 0 -1 0 1 2 1 0 0 0/0 24:12 2:12 5:59
Victor Oreskovich 0 0 0 -1 2 1 1 1 0 1 2/2 16:31 2:58 0:00
Wojtek Wolski 2 1 3 0 0 4 3 0 1 1 1/1 25:23 3:50 6:13
Players Stats for Senateurs
Player Name G A P +/- PIM S H SB GA TA FO MP PP MP PK MP
------------------------------------------------------------------------------------
Brandon Dubinsky 0 1 1 1 0 0 3 0 1 0 2/2 10:15 0:00 2:29
Brooks Orpik 0 1 1 1 0 0 3 1 0 1 0/0 11:45 0:00 0:00
Carlo Colaiacovo 0 0 0 -1 0 0 0 0 0 0 0/0 20:36 4:02 2:14
Chris Kunitz 0 0 0 1 0 1 0 0 0 0 0/0 9:35 0:00 1:42
Cody Franson 0 0 0 0 0 2 2 4 1 0 0/0 28:32 6:44 4:35
Cody Hodgson 0 0 0 -2 0 3 2 0 0 0 2/6 11:46 0:25 0:49
Colby Armstrong 0 1 1 1 4 2 2 0 1 0 0/0 15:41 4:34 0:00
Dan Hamhuis 0 0 0 0 0 0 0 2 1 0 0/0 28:32 6:44 4:35
Daniel Briere 1 1 2 1 0 4 3 0 2 0 8/12 21:10 4:34 4:02
Evgeni Malkin 0 2 2 0 2 5 2 1 0 0 24/37 22:32 5:47 2:52
Karl Alzner 0 1 1 -1 0 1 1 1 0 0 0/0 20:36 4:02 2:14
Marian Hossa 0 0 0 0 2 5 0 0 0 0 1/3 18:43 5:47 0:26
Martin Erat 1 0 1 1 0 1 0 0 0 0 0/0 7:46 0:11 0:00
Radim Vrbata 0 0 0 -2 0 2 0 0 0 0 0/0 10:49 0:25 0:00
Ramzi Abid 0 0 0 -2 0 1 0 1 0 0 0/1 10:13 0:00 0:00
Sergei Kostitsyn 1 0 1 1 0 2 3 0 0 0 0/0 15:29 4:34 0:00
Thomas Vanek 1 0 1 0 0 5 2 0 1 1 0/0 19:32 5:47 1:18
Vladimir Mihalik 0 0 0 1 2 0 0 1 0 1 0/0 11:58 0:14 0:00
3 Stars
1 - Nathan Horton (Bos)
2 - Wojtek Wolski (Bos)
3 - Daniel Briere (Ott)
Power Play
Bruins - 1 on 5 Attempt(s) - 20.00%
Senateurs - 0 on 6 Attempt(s) - 0.00%
Penalty Kill
Bruins - 6 on 6 Attempt(s) - 100.00%
- Score 1 goal in Penalty Kill
Senateurs - 4 on 5 Attempt(s) - 80.00%
- Score 0 goal in Penalty Kill
Team Stat
Bruins - Hits : 19 - Faceoff Wins : 24 - Blocked Shots : 11 - Penalty Minutes : 12
Senateurs - Hits : 23 - Faceoff Wins : 37 - Blocked Shots : 11 - Penalty Minutes : 10
Official
Referees : Unknown
Linesman : Unknown
Game Notes
No Game Note
Finance
Level 1 -- Attendance: 6000 (100.00%) -- Ticket Income $498,000
Level 2 -- Attendance: 4350 (87.00%) -- Ticket Income $230,550
Level 3 -- Attendance: 2000 (100.00%) -- Ticket Income $66,000
Level 4 -- Attendance: 4000 (100.00%) -- Ticket Income $92,000
Luxury Box -- Attendance: 924 (92.40%) -- Ticket Income $143,220
Game was played at the Place Banque Scotia.
Total Attendance: 17274 (95.97%)
Total Ticket Income: $1,029,770
Other Income: $154,466
Total Income: $1,184,236
Bruins
5 vs 5 Forward
Center Left Wing Right Wing Time % Phy DF OF
1 Jonathan Toews Wojtek Wolski Victor Oreskovich 45 0 2 3
2 Henrik Sedin Alexander Frolov Nathan Horton 33 0 2 3
3 Dave Bolland T.J Galiardi Rene Bourque 21 1 2 2
4 Casey Cizikas Kris Chucko Chris Thorburn 1 1 2 2
5 vs 5 Defense
Defense Defense Time % Phy DF OF
1 Jason Demers Brendan Smith 40 1 2 2
2 Shane O'Brien Torey Krug 30 1 2 2
3 Kevin Bieksa Ron Hainsey 20 1 2 2
4 Jason Demers Torey Krug 10 1 2 2
PowerPlay Forward
Center Left Wing Right Wing Time % Phy DF OF
1 Jonathan Toews Wojtek Wolski Nathan Horton 60 0 2 3
2 Henrik Sedin Alexander Frolov Victor Oreskovich 40 0 2 3
PowerPlay Defense
Defense Defense Time % Phy DF OF
1 Brendan Smith Kevin Bieksa 60 0 2 3
2 Torey Krug Jason Demers 40 0 2 3
Penalty Kill 4 Players Forward
Center Wing Time % Phy DF OF
1 Nathan Horton Wojtek Wolski 60 0 3 2
2 Jonathan Toews Alexander Frolov 40 0 3 2
Penalty Kill 4 Players Defense
Defense Defense Time % Phy DF OF
1 Jason Demers Brendan Smith 60 0 3 2
2 Shane O'Brien Torey Krug 40 0 3 2
Penalty Kill - 3 Players Forward
Forward Time % Phy DF OF
1 Wojtek Wolski 60 0 4 1
2 Nathan Horton 40 0 4 1
Penalty Kill - 3 Players Defense
Defense Defense Time % Phy DF OF
1 Jason Demers Brendan Smith 60 0 5 0
2 Shane O'Brien Torey Krug 40 0 5 0
4 vs 4 Forward
Center Wing Time % Phy DF OF
1 Jonathan Toews Wojtek Wolski 60 1 2 2
2 Henrik Sedin Victor Oreskovich 40 1 2 2
4 vs 4 Defense
Defense Defense Time % Phy DF OF
1 Jason Demers Shane O'Brien 60 1 2 2
2 Shane O'Brien Torey Krug 40 1 2 2
Last Minutes Offensive
Center Left Wing Right Wing Defense Defense
Jonathan Toews Wojtek Wolski Victor Oreskovich Kevin Bieksa Torey Krug
Last Minutes Defensive
Center Left Wing Right Wing Defense Defense
Jonathan Toews Wojtek Wolski Nathan Horton Jason Demers Brendan Smith
Goaltenders
Starting : Kevin Poulin
Backup : Craig Anderson
Extra Forwards
Normal : Nathan Horton, Wojtek Wolski, Casey Cizikas - PP : Jonathan Toews, Dave Bolland - PK : Rene Bourque
Extra Defensemen
Normal : Torey Krug, Brendan Smith, Jason Demers - PP : Kevin Bieksa - PK : Torey Krug, Shane O'Brien
Penalty Shots
Nathan Horton, Jonathan Toews, Wojtek Wolski, Rene Bourque, T.J Galiardi
Scratches
None
Senateurs
5 vs 5 Forward
Center Left Wing Right Wing Time % Phy DF OF
1 Evgeni Malkin Thomas Vanek Marian Hossa 40 1 2 2
2 Daniel Briere Sergei Kostitsyn Colby Armstrong 30 1 2 2
3 Cody Hodgson Ramzi Abid Radim Vrbata 20 1 2 2
4 Brandon Dubinsky Chris Kunitz Martin Erat 10 1 2 2
5 vs 5 Defense
Defense Defense Time % Phy DF OF
1 Dan Hamhuis Cody Franson 40 1 2 2
2 Karl Alzner Carlo Colaiacovo 30 1 2 2
3 Vladimir Mihalik Brooks Orpik 20 1 2 2
4 Dan Hamhuis Cody Franson 10 1 2 2
PowerPlay Forward
Center Left Wing Right Wing Time % Phy DF OF
1 Evgeni Malkin Thomas Vanek Marian Hossa 60 1 2 2
2 Daniel Briere Sergei Kostitsyn Colby Armstrong 40 1 2 2
PowerPlay Defense
Defense Defense Time % Phy DF OF
1 Dan Hamhuis Cody Franson 60 1 2 2
2 Karl Alzner Carlo Colaiacovo 40 1 2 2
Penalty Kill 4 Players Forward
Center Wing Time % Phy DF OF
1 Evgeni Malkin Daniel Briere 60 1 2 2
2 Thomas Vanek Marian Hossa 40 1 2 2
Penalty Kill 4 Players Defense
Defense Defense Time % Phy DF OF
1 Dan Hamhuis Cody Franson 60 1 2 2
2 Karl Alzner Carlo Colaiacovo 40 1 2 2
Penalty Kill - 3 Players Forward
Forward Time % Phy DF OF
1 Evgeni Malkin 60 1 2 2
2 Daniel Briere 40 1 2 2
Penalty Kill - 3 Players Defense
Defense Defense Time % Phy DF OF
1 Dan Hamhuis Cody Franson 60 1 2 2
2 Karl Alzner Carlo Colaiacovo 40 1 2 2
4 vs 4 Forward
Center Wing Time % Phy DF OF
1 Evgeni Malkin Daniel Briere 60 1 2 2
2 Thomas Vanek Marian Hossa 40 1 2 2
4 vs 4 Defense
Defense Defense Time % Phy DF OF
1 Dan Hamhuis Cody Franson 60 1 2 2
2 Karl Alzner Carlo Colaiacovo 40 1 2 2
Last Minutes Offensive
Center Left Wing Right Wing Defense Defense
Evgeni Malkin Thomas Vanek Marian Hossa Dan Hamhuis Cody Franson
Last Minutes Defensive
Center Left Wing Right Wing Defense Defense
Evgeni Malkin Thomas Vanek Marian Hossa Dan Hamhuis Cody Franson
Goaltenders
Starting : Ondrej Pavelec
Backup : Jeff Deslauriers
Extra Forwards
Normal : Cody Hodgson, Radim Vrbata, Brandon Dubinsky - PP : Cody Hodgson, Radim Vrbata - PK : Brandon Dubinsky
Extra Defensemen
Normal : Vladimir Mihalik, Brooks Orpik, Karl Alzner - PP : Vladimir Mihalik - PK : Brooks Orpik, Karl Alzner
Penalty Shots
Evgeni Malkin, Daniel Briere, Thomas Vanek, Marian Hossa, Colby Armstrong
Scratches
Ian Cole (Healthy)
% Time on Ice - Bruins
Lines # - Real PCT - Wanted PCT - Time Play
Normal Forward
1 - 34% - 45% - 14:09
2 - 23% - 33% - 9:26
3 - 29% - 21% - 11:56
4 - 14% - 1% - 5:46
Normal Defense
1 - 37% - 40% - 15:14
2 - 32% - 30% - 13:19
3 - 27% - 20% - 11:00
4 - 4% - 10% - 1:44
PP Forward
1 - 56% - 60% - 3:51
2 - 44% - 40% - 2:58
PP Defense
1 - 64% - 60% - 4:21
2 - 36% - 40% - 2:28
PK Forward
1 - 74% - 60% - 7:57
2 - 26% - 40% - 2:49
PK Defense
1 - 75% - 60% - 8:03
2 - 25% - 40% - 2:43
PK3 Forward
1 - 0% - 60%
2 - 0% - 40%
PK3 Defense
1 - 0% - 60%
2 - 0% - 40%
44 Forward
1 - 85% - 60% - 1:43
2 - 15% - 40% - 0:18
44 Defense
1 - 100% - 60% - 2:01
2 - 0% - 40% - 0:00
Last Minute Offensive - 0:00
Last Minute Defensive - 0:00
Total
Forward - 60:53
Defense - 60:53
|
% Time on Ice - Senateurs
Lines # - Real PCT - Wanted PCT - Time Play
Normal Forward
1 - 31% - 40% - 12:41
2 - 26% - 30% - 10:56
3 - 25% - 20% - 10:13
4 - 18% - 10% - 7:27
Normal Defense
1 - 37% - 40% - 15:11
2 - 33% - 30% - 13:44
3 - 28% - 20% - 11:45
4 - 1% - 10% - 0:37
PP Forward
1 - 58% - 60% - 6:12
2 - 42% - 40% - 4:34
PP Defense
1 - 63% - 60% - 6:44
2 - 37% - 40% - 4:02
PK Forward
1 - 81% - 60% - 5:31
2 - 19% - 40% - 1:18
PK Defense
1 - 67% - 60% - 4:35
2 - 33% - 40% - 2:14
PK3 Forward
1 - 0% - 60%
2 - 0% - 40%
PK3 Defense
1 - 0% - 60%
2 - 0% - 40%
44 Forward
1 - 83% - 60% - 1:41
2 - 17% - 40% - 0:20
44 Defense
1 - 70% - 60% - 1:25
2 - 30% - 40% - 0:36
Last Minute Offensive - 0:00
Last Minute Defensive - 0:00
Total
Forward - 60:53
Defense - 60:53
|
Play-by-Play
1st period
0:01 of 1st period - Jonathan Toews wins face-off versus Evgeni Malkin in neutral zone.
0:14 of 1st period - Minor Penalty to Marian Hossa for Holding.
0:15 of 1st period - Evgeni Malkin wins face-off versus Jonathan Toews in Senateurs zone.
0:15 of 1st period - Evgeni Malkin is hit by Kevin Bieksa.
2:14 of 1st period - Penalty to Marian Hossa is over, Marian Hossa is back on ice.
2:24 of 1st period - Off-side.
2:25 of 1st period - Rene Bourque wins face-off versus Cody Hodgson in neutral zone.
3:14 of 1st period - Evgeni Malkin is hit by Nathan Horton and loses puck.
3:21 of 1st period - Snap shot by Thomas Vanek.
3:21 of 1st period - Stopped by Kevin Poulin with a rebound.
3:37 of 1st period - Jonathan Toews is hit by Sergei Kostitsyn and loses puck.
4:22 of 1st period - Cody Franson is hit by Nathan Horton and loses puck.
4:33 of 1st period - Cody Franson is hit by Wojtek Wolski and loses puck.
4:46 of 1st period - Snap shot by Brandon Dubinsky.
4:46 of 1st period - Shot Blocked by Shane O'Brien.
5:30 of 1st period - Snap shot by Alexander Frolov.
5:30 of 1st period - Stopped by Ondrej Pavelec without a rebound.
5:31 of 1st period - Cody Hodgson wins face-off versus Alexander Frolov in Senateurs zone.
5:57 of 1st period - Snap shot by Radim Vrbata.
5:57 of 1st period - Shot Misses the Net.
5:59 of 1st period - Slapshot by Carlo Colaiacovo.
5:59 of 1st period - Shot Misses the Net.
6:09 of 1st period - Wrist shot by Ramzi Abid.
6:09 of 1st period - Shot Misses the Net.
6:11 of 1st period - Slapshot by Karl Alzner.
6:11 of 1st period - Deflect By Ramzi Abid.
6:11 of 1st period - Shot Misses the Net.
6:11 of 1st period - Puck is out of play.
6:12 of 1st period - Evgeni Malkin wins face-off versus Jonathan Toews in Bruins zone.
6:22 of 1st period - Minor Penalty to Victor Oreskovich for Hooking.
6:23 of 1st period - Evgeni Malkin wins face-off versus Nathan Horton in Bruins zone.
8:12 of 1st period - Torey Krug is hit by Cody Franson and loses puck.
8:22 of 1st period - Penalty to Victor Oreskovich is over, Victor Oreskovich is back on ice.
8:43 of 1st period - Snap shot by Chris Kunitz.
8:43 of 1st period - Shot Blocked by Shane O'Brien.
8:49 of 1st period - Shane O'Brien is hit by Brooks Orpik and loses puck.
8:56 of 1st period - Vladimir Mihalik is hit by Rene Bourque and loses puck.
9:46 of 1st period - Slapshot by Chris Kunitz.
9:46 of 1st period - Deflect By Brandon Dubinsky.
9:46 of 1st period - Shot Misses the Net.
9:46 of 1st period - Puck is out of play.
9:47 of 1st period - Evgeni Malkin wins face-off versus Jonathan Toews in Bruins zone.
10:14 of 1st period - Alexander Frolov is hit by Sergei Kostitsyn.
10:42 of 1st period - Wrist shot by Radim Vrbata.
10:42 of 1st period - Shot Blocked by Casey Cizikas.
10:54 of 1st period - Snap shot by Evgeni Malkin.
10:54 of 1st period - Shot Blocked by Victor Oreskovich.
10:56 of 1st period - Slapshot by Cody Franson.
10:56 of 1st period - Stopped by Kevin Poulin without a rebound.
10:57 of 1st period - Jonathan Toews wins face-off versus Evgeni Malkin in Bruins zone.
11:01 of 1st period - Icing by Jonathan Toews.
11:02 of 1st period - Evgeni Malkin wins face-off versus Jonathan Toews in Bruins zone.
11:09 of 1st period - Snap shot by Jonathan Toews.
11:09 of 1st period - Stopped by Ondrej Pavelec without a rebound.
11:10 of 1st period - Evgeni Malkin wins face-off versus Jonathan Toews in Senateurs zone.
11:10 of 1st period - Evgeni Malkin is hit by Wojtek Wolski.
11:26 of 1st period - Snap shot by Jonathan Toews.
11:26 of 1st period - Stopped by Ondrej Pavelec with a rebound.
11:36 of 1st period - Wojtek Wolski is hit by Thomas Vanek and loses puck.
12:01 of 1st period - Wrist shot by Thomas Vanek.
12:01 of 1st period - Shot Misses the Net.
12:03 of 1st period - Snap shot by Marian Hossa.
12:03 of 1st period - Stopped by Kevin Poulin with a rebound.
12:05 of 1st period - Snap shot by Evgeni Malkin.
12:05 of 1st period - Shot Blocked by Jonathan Toews.
12:17 of 1st period - Wrist shot by Evgeni Malkin.
12:17 of 1st period - Stopped by Kevin Poulin with a rebound.
12:19 of 1st period - Backhand shot by Karl Alzner.
12:19 of 1st period - Shot Blocked by Jonathan Toews.
12:21 of 1st period - Snap shot by Evgeni Malkin.
12:21 of 1st period - Stopped by Kevin Poulin with a rebound.
12:23 of 1st period - Slapshot by Karl Alzner.
12:23 of 1st period - Deflect By Brendan Smith.
12:23 of 1st period - Stopped by Kevin Poulin with a rebound.
12:25 of 1st period - Snap shot by Marian Hossa.
12:25 of 1st period - Stopped by Kevin Poulin with a rebound.
13:23 of 1st period - Slapshot by Thomas Vanek.
13:23 of 1st period - Stopped by Kevin Poulin with a rebound.
13:25 of 1st period - Slapshot by Thomas Vanek.
13:25 of 1st period - Deflect By Evgeni Malkin.
13:25 of 1st period - Stopped by Kevin Poulin with a rebound.
13:27 of 1st period - Snap shot by Thomas Vanek.
13:27 of 1st period - Goal by Thomas Vanek - Bruins : 0 - Senateurs : 1.
13:28 of 1st period - Daniel Briere wins face-off versus Henrik Sedin in neutral zone.
14:03 of 1st period - Snap shot by Ramzi Abid.
14:03 of 1st period - Shot Blocked by Torey Krug.
14:19 of 1st period - Slapshot by Torey Krug.
14:19 of 1st period - Stopped by Ondrej Pavelec without a rebound.
14:20 of 1st period - Brandon Dubinsky wins face-off versus Casey Cizikas in Senateurs zone.
16:03 of 1st period - Cody Franson is hit by T.J Galiardi and loses puck.
16:28 of 1st period - Brendan Smith is hit by Brandon Dubinsky and loses puck.
16:45 of 1st period - Evgeni Malkin is hit by Jason Demers.
16:54 of 1st period - Icing by Dan Hamhuis.
16:55 of 1st period - Daniel Briere wins face-off versus Rene Bourque in Senateurs zone.
17:24 of 1st period - Wrist shot by Jonathan Toews.
17:24 of 1st period - Stopped by Ondrej Pavelec with a rebound.
17:26 of 1st period - Wrist shot by Wojtek Wolski.
17:26 of 1st period - Shot Misses the Net.
17:28 of 1st period - Snap shot by Victor Oreskovich.
17:28 of 1st period - Shot Misses the Net.
17:50 of 1st period - Snap shot by Thomas Vanek.
17:50 of 1st period - Deflect By Evgeni Malkin.
17:50 of 1st period - Shot Misses the Net.
17:50 of 1st period - Puck is out of play.
17:51 of 1st period - Daniel Briere wins face-off versus Jonathan Toews in Bruins zone.
18:00 of 1st period - Snap shot by Colby Armstrong.
18:00 of 1st period - Shot Misses the Net.
18:02 of 1st period - Wrist shot by Sergei Kostitsyn.
18:02 of 1st period - Shot Misses the Net.
18:04 of 1st period - Slapshot by Cody Franson.
18:04 of 1st period - Shot Misses the Net.
18:06 of 1st period - Wrist shot by Colby Armstrong.
18:06 of 1st period - Stopped by Kevin Poulin with a rebound.
19:34 of 1st period - Ramzi Abid is hit by Casey Cizikas and loses puck.
19:51 of 1st period - Snap shot by Alexander Frolov.
19:51 of 1st period - Stopped by Ondrej Pavelec without a rebound.
19:52 of 1st period - Evgeni Malkin wins face-off versus Nathan Horton in Senateurs zone.
Goals for this period are 0 for Bruins vs 1 for Senateurs.
Shots for this period are 6 for Bruins vs 11 for Senateurs.
2nd period
0:01 of 2nd period - Jonathan Toews wins face-off versus Daniel Briere in neutral zone.
0:04 of 2nd period - Wrist shot by Victor Oreskovich.
0:04 of 2nd period - Shot Blocked by Cody Franson.
0:10 of 2nd period - Slapshot by Victor Oreskovich.
0:10 of 2nd period - Stopped by Ondrej Pavelec without a rebound.
0:11 of 2nd period - Evgeni Malkin wins face-off versus Jonathan Toews in Senateurs zone.
0:42 of 2nd period - Slapshot by Ramzi Abid.
0:42 of 2nd period - Stopped by Kevin Poulin with a rebound.
0:44 of 2nd period - Snap shot by Ramzi Abid.
0:44 of 2nd period - Shot Misses the Net.
0:46 of 2nd period - Slapshot by Radim Vrbata.
0:46 of 2nd period - Stopped by Kevin Poulin with a rebound.
0:48 of 2nd period - Slapshot by Radim Vrbata.
0:48 of 2nd period - Stopped by Kevin Poulin with a rebound.
1:27 of 2nd period - Wrist shot by Evgeni Malkin.
1:27 of 2nd period - Stopped by Kevin Poulin with a rebound.
1:51 of 2nd period - Snap shot by Kris Chucko.
1:51 of 2nd period - Stopped by Ondrej Pavelec with a rebound.
2:05 of 2nd period - Backhand shot by Henrik Sedin.
2:05 of 2nd period - Deflect By Nathan Horton.
2:05 of 2nd period - Goal by Nathan Horton - Bruins : 1 - Senateurs : 1.
2:06 of 2nd period - Jonathan Toews wins face-off versus Daniel Briere in neutral zone.
2:18 of 2nd period - Off-side.
2:19 of 2nd period - Evgeni Malkin wins face-off versus Jonathan Toews in neutral zone.
2:50 of 2nd period - Nathan Horton is hit by Brooks Orpik and loses puck.
2:57 of 2nd period - Nathan Horton is hit by Colby Armstrong and loses puck.
3:50 of 2nd period - Vladimir Mihalik is hit by Victor Oreskovich and loses puck.
4:18 of 2nd period - Alexander Frolov is hit by Daniel Briere and loses puck.
4:57 of 2nd period - Dave Bolland is hit by Evgeni Malkin and loses puck.
5:44 of 2nd period - Minor Penalty to Colby Armstrong for Hooking.
5:45 of 2nd period - Jonathan Toews wins face-off versus Evgeni Malkin in Senateurs zone.
5:57 of 2nd period - Cody Franson is hit by Wojtek Wolski and loses puck.
6:18 of 2nd period - Snap shot by Brendan Smith.
6:18 of 2nd period - Shot Blocked by Cody Franson.
6:38 of 2nd period - Nathan Horton is hit by Brandon Dubinsky.
7:44 of 2nd period - Penalty to Colby Armstrong is over, Colby Armstrong is back on ice.
7:55 of 2nd period - Snap shot by Rene Bourque.
7:55 of 2nd period - Shot Misses the Net.
7:57 of 2nd period - Backhand shot by T.J Galiardi.
7:57 of 2nd period - Stopped by Ondrej Pavelec without a rebound.
7:58 of 2nd period - Cody Hodgson wins face-off versus Dave Bolland in Senateurs zone.
8:07 of 2nd period - Vladimir Mihalik is hit by Shane O'Brien and loses puck.
8:24 of 2nd period - Brendan Smith is hit by Thomas Vanek and loses puck.
8:48 of 2nd period - Minor Penalty to Colby Armstrong for Hooking.
8:49 of 2nd period - Jonathan Toews wins face-off versus Evgeni Malkin in Senateurs zone.
8:49 of 2nd period - Snap shot by Wojtek Wolski.
8:49 of 2nd period - Deflect By Jonathan Toews.
8:49 of 2nd period - Goal by Jonathan Toews - Bruins : 2 - Senateurs : 1.
8:50 of 2nd period - Jonathan Toews wins face-off versus Evgeni Malkin in neutral zone.
8:53 of 2nd period - Slapshot by Jason Demers.
8:53 of 2nd period - Shot Blocked by Cody Franson.
9:37 of 2nd period - Off-side.
9:38 of 2nd period - T.J Galiardi wins face-off versus Ramzi Abid in neutral zone.
9:47 of 2nd period - Snap shot by Rene Bourque.
9:47 of 2nd period - Stopped by Ondrej Pavelec with a rebound.
10:10 of 2nd period - Snap shot by Wojtek Wolski.
10:10 of 2nd period - Deflect By Jonathan Toews.
10:10 of 2nd period - Shot Misses the Net.
10:10 of 2nd period - Puck is out of play.
10:11 of 2nd period - Evgeni Malkin wins face-off versus Jonathan Toews in Senateurs zone.
10:48 of 2nd period - Slapshot by Henrik Sedin.
10:48 of 2nd period - Shot Misses the Net.
10:50 of 2nd period - Snap shot by Henrik Sedin.
10:50 of 2nd period - Shot Blocked by Dan Hamhuis.
11:04 of 2nd period - Slapshot by Dan Hamhuis.
11:04 of 2nd period - Shot Misses the Net.
11:06 of 2nd period - Slapshot by Cody Franson.
11:06 of 2nd period - Shot Blocked by Brendan Smith.
11:28 of 2nd period - Wrist shot by Chris Thorburn.
11:28 of 2nd period - Shot Hit the Post.
11:30 of 2nd period - Snap shot by Kris Chucko.
11:30 of 2nd period - Shot Misses the Net.
11:32 of 2nd period - Slapshot by Jason Demers.
11:32 of 2nd period - Stopped by Ondrej Pavelec with a rebound.
11:34 of 2nd period - Slapshot by Brendan Smith.
11:34 of 2nd period - Stopped by Ondrej Pavelec with a rebound.
11:44 of 2nd period - Ron Hainsey is hit by Brandon Dubinsky and loses puck.
12:05 of 2nd period - Wojtek Wolski is hit by Cody Hodgson and loses puck.
12:10 of 2nd period - Backhand shot by Cody Hodgson.
12:10 of 2nd period - Stopped by Kevin Poulin without a rebound.
12:11 of 2nd period - Henrik Sedin wins face-off versus Cody Hodgson in Bruins zone.
12:11 of 2nd period - Henrik Sedin is hit by Brooks Orpik.
12:25 of 2nd period - Snap shot by Henrik Sedin.
12:25 of 2nd period - Deflect By Nathan Horton.
12:25 of 2nd period - Goal by Nathan Horton - Bruins : 3 - Senateurs : 1.
12:26 of 2nd period - Wojtek Wolski wins face-off versus Evgeni Malkin in neutral zone.
12:41 of 2nd period - Snap shot by Thomas Vanek.
12:41 of 2nd period - Stopped by Kevin Poulin without a rebound.
12:42 of 2nd period - Henrik Sedin wins face-off versus Daniel Briere in Bruins zone.
12:42 of 2nd period - Henrik Sedin is hit by Colby Armstrong.
12:48 of 2nd period - Sergei Kostitsyn is hit by Nathan Horton.
13:32 of 2nd period - Slapshot by Rene Bourque.
13:32 of 2nd period - Stopped by Ondrej Pavelec without a rebound.
13:33 of 2nd period - Daniel Briere wins face-off versus Dave Bolland in Senateurs zone.
13:48 of 2nd period - Slapshot by Shane O'Brien.
13:48 of 2nd period - Deflect By T.J Galiardi.
13:48 of 2nd period - Stopped by Ondrej Pavelec with a rebound.
14:09 of 2nd period - Slapshot by Shane O'Brien.
14:09 of 2nd period - Shot Blocked by Karl Alzner.
14:47 of 2nd period - Slapshot by Daniel Briere.
14:47 of 2nd period - Stopped by Kevin Poulin with a rebound.
14:49 of 2nd period - Snap shot by Colby Armstrong.
14:49 of 2nd period - Shot Misses the Net.
14:51 of 2nd period - Slapshot by Daniel Briere.
14:51 of 2nd period - Shot Blocked by Shane O'Brien.
14:53 of 2nd period - Snap shot by Sergei Kostitsyn.
14:53 of 2nd period - Stopped by Kevin Poulin without a rebound.
14:54 of 2nd period - Evgeni Malkin wins face-off versus Jonathan Toews in Bruins zone.
15:29 of 2nd period - Wrist shot by Alexander Frolov.
15:29 of 2nd period - Shot Blocked by Ramzi Abid.
16:19 of 2nd period - Carlo Colaiacovo is hit by Henrik Sedin and loses puck.
16:35 of 2nd period - Minor Penalty to Brendan Smith for Hooking.
16:36 of 2nd period - Nathan Horton wins face-off versus Marian Hossa in Bruins zone.
16:47 of 2nd period - Snap shot by Cody Franson.
16:47 of 2nd period - Deflect By Evgeni Malkin.
16:47 of 2nd period - Shot Misses the Net.
16:47 of 2nd period - Puck is out of play.
16:48 of 2nd period - Evgeni Malkin wins face-off versus Nathan Horton in Bruins zone.
16:51 of 2nd period - Wrist shot by Marian Hossa.
16:51 of 2nd period - Stopped by Kevin Poulin with a rebound.
16:53 of 2nd period - Slapshot by Dan Hamhuis.
16:53 of 2nd period - Shot Misses the Net.
16:55 of 2nd period - Slapshot by Dan Hamhuis.
16:55 of 2nd period - Deflect By Marian Hossa.
16:55 of 2nd period - Stopped by Kevin Poulin without a rebound.
16:56 of 2nd period - Marian Hossa wins face-off versus Nathan Horton in Bruins zone.
17:18 of 2nd period - Icing by Cody Franson.
17:19 of 2nd period - Evgeni Malkin wins face-off versus Nathan Horton in Senateurs zone.
17:28 of 2nd period - Slapshot by Cody Franson.
17:28 of 2nd period - Stopped by Kevin Poulin without a rebound.
17:29 of 2nd period - Daniel Briere wins face-off versus Nathan Horton in Bruins zone.
17:59 of 2nd period - Snap shot by Colby Armstrong.
17:59 of 2nd period - Stopped by Kevin Poulin with a rebound.
18:01 of 2nd period - Slapshot by Cody Franson.
18:01 of 2nd period - Deflect By Daniel Briere.
18:01 of 2nd period - Shot Misses the Net.
18:01 of 2nd period - Puck is out of play.
18:02 of 2nd period - Alexander Frolov wins face-off versus Evgeni Malkin in Bruins zone.
18:15 of 2nd period - Snap shot by Evgeni Malkin.
18:15 of 2nd period - Stopped by Kevin Poulin without a rebound.
18:16 of 2nd period - Nathan Horton wins face-off versus Evgeni Malkin in Bruins zone.
18:25 of 2nd period - Snap shot by Wojtek Wolski.
18:25 of 2nd period - Stopped by Ondrej Pavelec with a rebound.
18:35 of 2nd period - Penalty to Brendan Smith is over, Brendan Smith is back on ice.
19:00 of 2nd period - Radim Vrbata is hit by Torey Krug.
19:20 of 2nd period - T.J Galiardi is hit by Evgeni Malkin and loses puck.
19:31 of 2nd period - Snap shot by Evgeni Malkin.
19:31 of 2nd period - Shot Misses the Net.
19:44 of 2nd period - Minor Penalty to Vladimir Mihalik for Hooking.
19:45 of 2nd period - Jonathan Toews wins face-off versus Evgeni Malkin in Senateurs zone.
19:49 of 2nd period - Wrist shot by Nathan Horton.
19:49 of 2nd period - Shot Blocked by Cody Franson.
19:51 of 2nd period - Slapshot by Brendan Smith.
19:51 of 2nd period - Stopped by Ondrej Pavelec without a rebound.
19:52 of 2nd period - Jonathan Toews wins face-off versus Evgeni Malkin in Senateurs zone.
Goals for this period are 3 for Bruins vs 0 for Senateurs.
Shots for this period are 13 for Bruins vs 13 for Senateurs.
3rd period
0:01 of 3rd period - Evgeni Malkin wins face-off versus Jonathan Toews in neutral zone.
0:28 of 3rd period - Slapshot by Kevin Bieksa.
0:28 of 3rd period - Deflect By Henrik Sedin.
0:28 of 3rd period - Shot Misses the Net.
0:28 of 3rd period - Puck is out of play.
0:29 of 3rd period - Evgeni Malkin wins face-off versus Henrik Sedin in Senateurs zone.
0:29 of 3rd period - Evgeni Malkin is hit by Torey Krug.
0:35 of 3rd period - Minor Penalty to Henrik Sedin for Cross-checking.
0:36 of 3rd period - Evgeni Malkin wins face-off versus Jonathan Toews in Bruins zone.
0:37 of 3rd period - Snap shot by Daniel Briere.
0:37 of 3rd period - Goal by Daniel Briere - Bruins : 3 - Senateurs : 2.
0:38 of 3rd period - Jonathan Toews wins face-off versus Evgeni Malkin in neutral zone.
1:11 of 3rd period - Shane O'Brien is hit by Karl Alzner and loses puck.
1:44 of 3rd period - Penalty to Vladimir Mihalik is over, Vladimir Mihalik is back on ice.
2:04 of 3rd period - Off-side.
2:05 of 3rd period - Daniel Briere wins face-off versus Rene Bourque in neutral zone.
2:10 of 3rd period - Slapshot by Karl Alzner.
2:10 of 3rd period - Shot Misses the Net.
2:12 of 3rd period - Snap shot by Sergei Kostitsyn.
2:12 of 3rd period - Shot Misses the Net.
2:14 of 3rd period - Snap shot by Sergei Kostitsyn.
2:14 of 3rd period - Shot Misses the Net.
2:35 of 3rd period - Penalty to Henrik Sedin is over, Henrik Sedin is back on ice.
3:41 of 3rd period - Wrist shot by Daniel Briere.
3:41 of 3rd period - Stopped by Kevin Poulin with a rebound.
3:43 of 3rd period - Wrist shot by Colby Armstrong.
3:43 of 3rd period - Shot Blocked by Henrik Sedin.
3:45 of 3rd period - Snap shot by Brooks Orpik.
3:45 of 3rd period - Shot Misses the Net.
4:01 of 3rd period - Snap shot by Dave Bolland.
4:01 of 3rd period - Stopped by Ondrej Pavelec without a rebound.
4:02 of 3rd period - Victor Oreskovich wins face-off versus Evgeni Malkin in Senateurs zone.
4:03 of 3rd period - Wrist shot by Wojtek Wolski.
4:03 of 3rd period - Stopped by Ondrej Pavelec with a rebound.
4:23 of 3rd period - Minor Penalty to Evgeni Malkin for Hooking.
4:24 of 3rd period - Daniel Briere wins face-off versus Jonathan Toews in Senateurs zone.
5:06 of 3rd period - Snap shot by Cody Hodgson.
5:06 of 3rd period - Stopped by Kevin Poulin without a rebound.
5:07 of 3rd period - Jonathan Toews wins face-off versus Cody Hodgson in Bruins zone.
5:18 of 3rd period - Wrist shot by Wojtek Wolski.
5:18 of 3rd period - Shot Blocked by Dan Hamhuis.
6:23 of 3rd period - Penalty to Evgeni Malkin is over, Evgeni Malkin is back on ice.
6:28 of 3rd period - Wrist shot by T.J Galiardi.
6:28 of 3rd period - Stopped by Ondrej Pavelec with a rebound.
6:30 of 3rd period - Wrist shot by Rene Bourque.
6:30 of 3rd period - Stopped by Ondrej Pavelec without a rebound.
6:31 of 3rd period - Evgeni Malkin wins face-off versus Dave Bolland in Senateurs zone.
6:41 of 3rd period - Snap shot by Marian Hossa.
6:41 of 3rd period - Stopped by Kevin Poulin without a rebound.
6:42 of 3rd period - Victor Oreskovich wins face-off versus Marian Hossa in Bruins zone.
6:57 of 3rd period - Slapshot by Thomas Vanek.
6:57 of 3rd period - Stopped by Kevin Poulin without a rebound.
6:58 of 3rd period - Henrik Sedin wins face-off versus Daniel Briere in Bruins zone.
7:02 of 3rd period - Off-side.
7:03 of 3rd period - Daniel Briere wins face-off versus Henrik Sedin in neutral zone.
7:07 of 3rd period - Minor Penalty to Brendan Smith for Hooking.
7:08 of 3rd period - Nathan Horton wins face-off versus Evgeni Malkin in Bruins zone.
8:02 of 3rd period - Jason Demers is hit by Sergei Kostitsyn and loses puck.
9:07 of 3rd period - Penalty to Brendan Smith is over, Brendan Smith is back on ice.
9:07 of 3rd period - Ron Hainsey is hit by Daniel Briere and loses puck.
9:36 of 3rd period - Off-side.
9:37 of 3rd period - Brandon Dubinsky wins face-off versus Dave Bolland in neutral zone.
9:46 of 3rd period - Wrist shot by Martin Erat.
9:46 of 3rd period - Goal by Martin Erat - Bruins : 3 - Senateurs : 3.
9:47 of 3rd period - Evgeni Malkin wins face-off versus Jonathan Toews in neutral zone.
9:53 of 3rd period - Minor Penalty to Jonathan Toews for Hooking.
9:54 of 3rd period - Evgeni Malkin wins face-off versus Nathan Horton in Bruins zone.
10:20 of 3rd period - Sergei Kostitsyn is hit by Alexander Frolov and loses puck.
11:53 of 3rd period - Penalty to Jonathan Toews is over, Jonathan Toews is back on ice.
11:54 of 3rd period - Shane O'Brien is hit by Cody Hodgson and loses puck.
12:49 of 3rd period - Slapshot by Rene Bourque.
12:49 of 3rd period - Shot Misses the Net.
12:55 of 3rd period - Snap shot by T.J Galiardi.
12:55 of 3rd period - Shot Blocked by Brooks Orpik.
13:07 of 3rd period - Snap shot by Dave Bolland.
13:07 of 3rd period - Shot Misses the Net.
13:29 of 3rd period - Slapshot by Daniel Briere.
13:29 of 3rd period - Deflect By Sergei Kostitsyn.
13:29 of 3rd period - Goal by Sergei Kostitsyn - Bruins : 3 - Senateurs : 4.
13:30 of 3rd period - Evgeni Malkin wins face-off versus Jonathan Toews in neutral zone.
14:08 of 3rd period - Wrist shot by Brandon Dubinsky.
14:08 of 3rd period - Deflect By Chris Kunitz.
14:08 of 3rd period - Stopped by Kevin Poulin with a rebound.
15:04 of 3rd period - Slapshot by Daniel Briere.
15:04 of 3rd period - Stopped by Kevin Poulin with a rebound.
15:06 of 3rd period - Snap shot by Colby Armstrong.
15:06 of 3rd period - Shot Blocked by Alexander Frolov.
15:18 of 3rd period - Kevin Bieksa is hit by Daniel Briere and loses puck.
15:29 of 3rd period - Wrist shot by Chris Thorburn.
15:29 of 3rd period - Shot Misses the Net.
15:45 of 3rd period - Minor Penalty to Chris Thorburn for Roughing.
15:46 of 3rd period - Evgeni Malkin wins face-off versus Nathan Horton in Bruins zone.
15:55 of 3rd period - Wrist shot by Wojtek Wolski.
15:55 of 3rd period - Shot Misses the Net.
15:57 of 3rd period - Wrist shot by Nathan Horton.
15:57 of 3rd period - Shot Misses the Net.
15:59 of 3rd period - Wrist shot by Wojtek Wolski.
15:59 of 3rd period - Goal by Wojtek Wolski - Bruins : 4 - Senateurs : 4.
16:00 of 3rd period - Evgeni Malkin wins face-off versus Nathan Horton in neutral zone.
16:20 of 3rd period - Wojtek Wolski is hit by Cody Franson and loses puck.
17:45 of 3rd period - Penalty to Chris Thorburn is over, Chris Thorburn is back on ice.
18:30 of 3rd period - Wrist shot by Cody Hodgson.
18:30 of 3rd period - Stopped by Kevin Poulin without a rebound.
18:31 of 3rd period - Henrik Sedin wins face-off versus Cody Hodgson in Bruins zone.
18:46 of 3rd period - Snap shot by Dave Bolland.
18:46 of 3rd period - Stopped by Ondrej Pavelec with a rebound.
18:48 of 3rd period - Wrist shot by Rene Bourque.
18:48 of 3rd period - Deflect By Dave Bolland.
18:48 of 3rd period - Stopped by Ondrej Pavelec with a rebound.
18:50 of 3rd period - Slapshot by Ron Hainsey.
18:50 of 3rd period - Shot Blocked by Vladimir Mihalik.
19:12 of 3rd period - Colby Armstrong is hit by Kevin Bieksa and loses puck.
19:48 of 3rd period - Dan Hamhuis is hit by Shane O'Brien and loses puck.
Goals for this period are 1 for Bruins vs 3 for Senateurs.
Shots for this period are 7 for Bruins vs 10 for Senateurs.
Overtime #1
0:01 of 1st overtime period - Evgeni Malkin wins face-off versus Jonathan Toews in neutral zone.
0:17 of 1st overtime period - Icing by Shane O'Brien.
0:18 of 1st overtime period - Evgeni Malkin wins face-off versus Jonathan Toews in Bruins zone.
0:41 of 1st overtime period - Snap shot by Wojtek Wolski.
0:41 of 1st overtime period - Shot Blocked by Evgeni Malkin.
0:43 of 1st overtime period - Wrist shot by Jonathan Toews.
0:43 of 1st overtime period - Shot Hit the Post.
0:45 of 1st overtime period - Snap shot by Jonathan Toews.
0:45 of 1st overtime period - Stopped by Ondrej Pavelec with a rebound.
0:47 of 1st overtime period - Slapshot by Shane O'Brien.
0:47 of 1st overtime period - Shot Misses the Net.
0:49 of 1st overtime period - Slapshot by Shane O'Brien.
0:49 of 1st overtime period - Shot Misses the Net.
0:51 of 1st overtime period - Wrist shot by Jonathan Toews.
0:51 of 1st overtime period - Shot Misses the Net.
0:53 of 1st overtime period - Snap shot by Jonathan Toews.
0:53 of 1st overtime period - Deflect By Wojtek Wolski.
0:53 of 1st overtime period - Goal by Wojtek Wolski - Bruins : 5 - Senateurs : 4.
Goals for this period are 1 for Bruins vs 0 for Senateurs.
Shots for this period are 2 for Bruins vs 0 for Senateurs.
Back to the Top